 Dungeon Crawl Stone Soup version 0.31-a0-1237-gabc64e778c (webtiles) character file.

Game seed: 16325633814138365329

1621044 Solx the Evangelist (level 27, 261/261 HPs)
             Began as a Hill Orc Monk on Dec 14, 2023.
             Was an Elder of Beogh.
             Escaped with the Orb
             ... and 3 runes on Dec 15, 2023!
             The game lasted 06:09:51 (75789 turns).

Solx the Evangelist (Hill Orc Monk)                Turns: 75789, Time: 06:09:52

Health: 261/261    AC: 51    Str: 35    XL:     27
Magic:  36/36      EV: 14    Int: 13    God:    Beogh [****..]
Gold:   5016       SH: 24    Dex: 12    Spells: 26/26 levels left

rFire   + + .        x - +9 broad axe (freeze)
rCold   + . .        V - +2 tower shield {AC+3}
rNeg    . . .        P - +7 crystal plate armour {rC+}
rPois   +            (no helmet)
rElec   +            t - +1 cloak {rPois}
rCorr   +            b - +2 pair of gloves {Stlth+}
SInv    +            y - +3 pair of seven-league boots {Rampage+∞}
Will    ++++.        o - amulet of Spontaneous Combustion {Faith rElec rF+ Str+2 Int-3} Stlth
                     I - ring of Innar {Will++ Str+6 Dex+3}
HPRegen 0.63/turn    a - ring "Ecvuneacw" {rF+ rCorr Int+2 Dex-3}
MPRegen 0.25/turn

%: random rage (3%), rampage+∞, faith
@: studying Maces & Flails
A: see invisible, berserk 1, clever 1, low MP 1, subdued magic 1
0: Orb of Zot
}: 3/15 runes: decaying, serpentine, slimy
a: Renounce Religion, Smiting, Recall Orcish Followers


You escaped.
You worshipped Beogh.
Beogh was greatly pleased with you.
You visited 12 branches of the dungeon, and saw 53 of its levels.
You visited 1 bazaar.
You also visited: Sewer, Bailey, Gauntlet, Ice Cave and Desolation.

You collected 7968 gold pieces.
You spent 2952 gold pieces at shops.

Inventory:

Hand Weapons
 q - a +2 lajatang of speed
 s - a +3 bardiche of venom
 w - a +1 orcbow of electrocution
 x - a +9 broad axe of freezing (weapon)
 D - a +2 vampiric great mace
 E - a +4 bardiche of venom
 J - the +9 lajatang of Light {venom, Fly rN++ Int+4 Stlth-}
   (You took it off a skeletal warrior on level 3 of the Crypt)

   Int+4:     It affects your intelligence (+4).
   rN++:      It greatly protects you from negative energy.
   Fly:       It grants you flight.
   Stlth-:    It makes you less stealthy.
 Y - a +3 vampiric lajatang
Armour
 b - a +2 pair of gloves of stealth (worn)
 d - a +2 kite shield of reflection
 h - the +5 chain mail of the Kodama {rC+ Dex+5 Stlth-}
   (You found it on level 1 of the Vaults)

   Dex+5:     It affects your dexterity (+5).
   rC+:       It protects you from cold.
   Stlth-:    It makes you less stealthy.
 t - a +1 cloak of poison resistance (worn)
 y - the +3 pair of seven-league boots (worn) {Rampage+∞}
   (You acquired it on level 1 of the Elven Halls)

   Rampage+∞: When moving toward enemies, its wearer moves as far as possible,
   alerting their target en route.
 B - the +0 helmet of Summer {+Inv Int+6 Slay+3 Stlth+}
   (You bought it in a shop on level 2 of the Orcish Mines)

   Int+6:     It affects your intelligence (+6).
   Slay+3:    It affects your accuracy & damage with ranged weapons and melee
   (+3).
   +Inv:      It lets you turn invisible.
   Stlth+:    It makes you more stealthy.
 O - the +5 chain mail of Ciumn {rPois rF- Will- Int+9}
   (You bought it in a shop in a bazaar)

   Int+9:     It affects your intelligence (+9).
   rF-:       It makes you vulnerable to fire.
   rPois:     It protects you from poison Will-: It decreases your willpower.
 P - a +7 crystal plate armour of cold resistance (worn)
 V - a +2 tower shield of protection (worn)
Jewellery
 a - the ring "Ecvuneacw" (right hand) {rF+ rCorr Int+2 Dex-3}
   (You found it in a Gauntlet)

   [ring of resist corrosion]

   Int+2:     It affects your intelligence (+2).
   Dex-3:     It affects your dexterity (-3).
   rF+:       It protects you from fire.
   rCorr:     It protects you from acid and corrosion.
 f - the ring "Ycso Vam" {rC+ rN+ AC+4}
   (You found it on level 5 of the Pits of Slime)

   [ring of protection]

   AC+4:      It affects your AC (+4).
   rC+:       It protects you from cold.
   rN+:       It protects you from negative energy.
 o - the amulet of Spontaneous Combustion (around neck) {Faith rElec rF+ Str+2 Int-3}
   (You found it on level 5 of the Lair of Beasts)

   [amulet of faith]

   Faith:     It allows you to gain divine favour quickly.
   Str+2:     It affects your strength (+2).
   Int-3:     It affects your intelligence (-3).
   rF+:       It protects you from fire.
   rElec:     It insulates you from electricity.
 I - the ring of Innar (left hand) {Will++ Str+6 Dex+3}
   (You found it in an ice cave)

   [ring of strength]

   Str+6:     It affects your strength (+6).
   Dex+3:     It affects your dexterity (+3).
   Will++:    It greatly increases your willpower.
 K - the amulet "Jorch" {Reflect rN+ SH+5 SInv}
   (You took it off a ragged hierophant in the Desolation of Salt)

   [amulet of reflection]

   Reflect:   It reflects blocked missile attacks.
   rN+:       It protects you from negative energy.
   SInv:      It lets you see invisible.
   SH+5:      It affects your SH (+5).
 N - a ring of poison resistance
Wands
 m - a wand of digging (20)
 A - a wand of iceblast (22)
 L - a wand of quicksilver (10)
 Q - a wand of polymorph (8)
Scrolls
 g - 7 scrolls of fog
 i - 4 scrolls of summoning
 l - 4 scrolls of immolation
 C - a scroll of revelation
 F - 6 scrolls of fear
 G - 4 scrolls of torment
 M - 4 scrolls of blinking
 R - 35 scrolls of teleportation
 S - 5 scrolls of silence
 T - 2 scrolls of brand weapon
 W - a scroll of enchant weapon
Potions
 c - 3 potions of ambrosia
 e - 13 potions of curing
 k - 5 potions of invisibility
 n - 16 potions of lignification
 p - 14 potions of heal wounds
 r - 8 potions of might
 v - 6 potions of resistance
 z - a potion of berserk rage
 H - 9 potions of enlightenment
 X - 2 potions of haste
 Z - 4 potions of cancellation
Miscellaneous
 u - a phantom mirror (inert)
 U - a lightning rod (4/4)


   Skills:
 - Level 24.0 Fighting
 - Level 21.0 Axes
 - Level 24.0 Armour
 + Level 17.3 Dodging
 - Level 22.0 Shields
 O Level 27 Invocations
 - Level 8.0 Evocations


You had 26 spell levels left.
You didn't know any spells.
Your spell library contained the following spells:

 Spells                   Type           Power      Damage    Failure   Level
 Apportation              Tloc           0%         N/A       89%         1
 Magic Dart               Conj           0%         1d3       89%         1
 Necrotise                Necr           0%         1d4       89%         1
 Sandblast                Erth           0%         2d4       89%         1
 Slow                     Hex            0%         N/A       89%         1
 Sting                    Tmut/Pois      0%         1d3       89%         1
 Summon Small Mammal      Summ           0%         N/A       89%         1
 Cigotuvi's Dreadful Rot  Necr/Pois/Air  0%         N/A       96%         2
 Ensorcelled Hibernation  Hex/Ice        0%         N/A       96%         2
 Jinxbite                 Hex            0%         N/A       96%         2
 Passwall                 Tmut/Erth      0%         N/A       96%         2
 Poisonous Vapours        Pois/Air       0%         N/A       96%         2
 Searing Ray              Conj           0%         2d4       96%         2
 Static Discharge         Conj/Air       0%         3-3/arc   96%         2
 Sublimation of Blood     Necr           0%         N/A       96%         2
 Wereblood                Tmut           0%         N/A       96%         2
 Call Canine Familiar     Summ           0%         N/A       99%         3
 Confusing Touch          Hex            0%         N/A       99%         3
 Dazzling Flash           Conj/Hex       0%         N/A       99%         3
 Frozen Ramparts          Ice            0%         1d1       99%         3
 Gell's Gravitas          Tloc           0%         N/A       99%         3
 Hailstorm                Conj/Ice       0%         3d5       99%         3
 Ignite Poison            Fire/Tmut/Pois 0%         N/A       99%         3
 Mephitic Cloud           Conj/Pois/Air  0%         N/A       99%         3
 Ozocubu's Armour         Ice            0%         N/A       99%         3
 Sigil of Binding         Hex            0%         N/A       99%         3
 Stone Arrow              Conj/Erth      0%         3d7       99%         3
 Summon Guardian Golem    Hex/Summ       0%         N/A       99%         3
 Swiftness                Air            0%         N/A       99%         3
 Teleport Other           Tloc           0%         N/A       99%         3
 Tukima's Dance           Hex            0%         N/A       99%         3
 Vampiric Draining        Necr           0%         2d6       99%         3
 Volatile Blastmotes      Fire/Tloc      0%         2d10      99%         3
 Anguish                  Hex/Necr       0%         N/A       100%        4
 Brom's Barrelling Bould  Conj/Erth      0%         2d3       100%        4
 Cause Fear               Hex            0%         N/A       100%        4
 Dimensional Bullseye     Hex/Tloc       0%         N/A       100%        4
 Dispel Undead            Necr           0%         3d6       100%        4
 Fulminant Prism          Conj/Hex       0%         3d5       100%        4
 Iskenderun's Mystic Bla  Conj/Tloc      0%         2d3       100%        4
 Leda's Liquefaction      Hex/Erth       0%         N/A       100%        4
 Olgreb's Toxic Radiance  Pois           0%         N/A       100%        4
 Petrify                  Tmut/Erth      0%         N/A       100%        4
 Summon Ice Beast         Ice/Summ       0%         N/A       100%        4
 Summon Lightning Spire   Summ/Air       0%         N/A       100%        4
 Vhi's Electric Charge    Tloc/Air       0%         N/A       100%        4
 Alistair's Intoxication  Tmut/Pois      0%         N/A       100%        5
 Arcjolt                  Conj/Air       0%         1d10      100%        5
 Borgnjor's Vile Clutch   Necr/Erth      0%         N/A       100%        5
 Freezing Cloud           Conj/Ice/Air   0%         6-21      100%        5
 Irradiate                Conj/Tmut      0%         3d11      100%        5
 Iskenderun's Battlesphe  Conj           0%         2d6       100%        5
 Metabolic Englaciation   Hex/Ice        0%         N/A       100%        5
 Summon Forest            Summ/Tloc      0%         N/A       100%        5
 Summon Mana Viper        Hex/Summ       0%         N/A       100%        5
 Bombard                  Conj/Erth      0%         9d1       100%        6
 Dispersal                Tloc           0%         N/A       100%        6
 Simulacrum               Ice/Necr       0%         N/A       100%        6
 Starburst                Conj/Fire      0%         6d3       100%        6
 Summon Cactus Giant      Summ           0%         N/A       100%        6
 Enfeeble                 Hex            0%         N/A       100%        7
 Haunt                    Necr/Summ      0%         N/A       100%        7
 Monstrous Menagerie      Summ           0%         N/A       100%        7
 Ozocubu's Refrigeration  Ice            0%         4d7       100%        7
 Spellforged Servitor     Conj/Summ      0%         N/A       100%        7
 Summon Hydra             Summ           0%         N/A       100%        7
 Borgnjor's Revivificati  Necr           0%         N/A       100%        8
 Maxwell's Capacitive Co  Air            0%         ∞         100%        8
 Summon Horrible Things   Summ           0%         N/A       100%        8
 Death's Door             Necr           0%         N/A       100%        9
 Polar Vortex             Ice            0%         N/A       100%        9


Dungeon Overview and Level Annotations

Branches:
Dungeon (15/15)            Temple (1/1) D:6            Lair (5/5) D:9
  Swamp (4/4) Lair:2        Snake (4/4) Lair:2        Slime (5/5) Lair:4
    Orc (2/2) D:9             Elf (1/3) Orc:2        Vaults (4/5) D:14
  Crypt (3/3) Vaults:2       Tomb (0/3) Crypt:3      Depths (4/4) D:15
    Zot (5/5) Depths:4      Sewer (visited)          Bailey (visited)
  IceCv (visited)         Desolation (visited)      Gauntlet (visited)

Altars:
Ashenzari
Cheibriados
Dithmenos
Elyvilon
Fedhas
Gozag
Hepliaklqana
Kikubaaqudgha
Makhleb
Nemelex Xobeh
Okawaru
Qazlal
Ru
Sif Muna
Trog
Uskayaw
Vehumet
Wu Jian
Xom
Yredelemnul
Zin
The Shining One
Beogh
Jiyva
Lugonu

Shops:
D:5 *   D:13 :   Orc:2 [!=[   Elf:1 [!:   Vaults:2 *   Depths:2 (
Depths:3 ==:

Portals:
Hell: Depths:1 Depths:2 Depths:4
Abyss: Lair:5 Depths:3 Depths:4
Pandemonium: Depths:2
Ziggurat: Depths:3
Trove: D:12 (give 5 potions of resistance)

Annotations:
D:13 5 runed translucent doors
Slime:1 exclusion: downstairs
Depths:1 2 runed translucent doors, exclusion: 2 doors
Depths:3 exclusions: 2 eyes of devastation, shining eye and 1 more exclusion
Zot:3 1 transporter
Zot:4 2 transporters, exclusions: downstairs and orange crystal statue


Innate Abilities, Weirdness & Mutations

You have supernaturally acute eyesight. (SInv)
You sometimes lose your temper in combat.
Your mind is acute. (Int +4, Str/Dex -1)
Your magical capacity is low. (-10% MP)
Your spells are a little easier to cast, but a little less powerful.


Message History

You feel extremely strange.
Your urge to shout disappears.
Your system completely accepts the healing effects of potions.
Your iridescent scales disappear.
Your connection to magic feels subdued.
You occasionally lose the ability to read scrolls when taking damage.
A pair of horns grows on your head!
The +0 helmet of Summer {+Inv Int+6 Slay+3 Stlth+} falls away!
You feel extremely strange.
You no longer feel a hidden potential within.
Your magic regains its normal vibrancy.
Your regeneration stops near monsters.
You feel insulated.
You feel extremely strange.
You feel conductive.
You no longer become unable to read scrolls after taking damage.
You feel clever.
You feel extremely strange. The horns on your head shrink away.
You feel a little less angry.
You feel stupid.
You feel vulnerable to cold. A pair of horns grows on your head!
You feel extremely strange.
You no longer feel vulnerable to cold.
The horns on your head shrink away.
You feel more energetic.
You feel clumsy.
Your system partially rejects the healing effects of potions.
You feel resistant to cold.
You feel extremely strange.
You no longer feel cold resistant.
Your system completely accepts the healing effects of potions.
You feel less energetic.
You feel extremely angry at everything!
You feel a little less angry. Geork says, "Solx, I like you."
You feel extremely strange.
You feel agile.
You begin to regenerate regardless of the presence of monsters.
You feel yourself wasting away.
Your connection to magic feels subdued.
You feel stupid.
You feel stronger.
You feel extremely strange.
You feel clever.
You feel healthier.
You feel weaker.
Your vision sharpens.
You feel less energetic.
You feel clever.
Unknown command.
You have escaped!

.# #.#.#..#..# #.# .#
#.......#.###.##### .#
###.#...#..##.....### .#
#..####....).##...# .##
#...........####..#
..########.....(.....##.##.#
............###.##o....##..#
#....#.....##..ooo#........#
.....#....#....o@o##.......#
#....#.....##..ooo#........#
............###.##.....##..#
..#####..............##.##.#
....#...>#...........####..#
###.#.##.#..####......##...#
.##.#..#.#.#...#...........#
.##..[...#.....#...###.#..######
.####.####.#..#..#.............#


You could see the friendly Bladwarg the orc warlord, the friendly Geork the orc
warlord, the friendly Wargath the orc warlord, 4 friendly orc knights, the
friendly Olfrun the orc high priest and a friendly orc warrior.

Vanquished Creatures
  the Royal Jelly (Slime:5)
  Dissolution (Slime:2)
  A pandemonium lord (D:15)
  Frederick (Vaults:3)
  An orb of fire (Zot:5)
  5 dread liches (Zot:5)
  Khufu (Crypt:1)
  3 ancient liches (Zot:5)
  A juggernaut (Depths:2)
  2 royal mummies (Crypt:1)
  2 Killer Klowns (Zot:5)
  Xtahua (Crypt:2)
  3 curse toes
  5 golden dragons
  A profane servitor (Crypt:3)
  Norris (Depths:1)
  A Tzitzimitl (Zot:5)
  A bone dragon (Crypt:3)
  An electric golem (Zot:1)
  A Brimstone Fiend (Zot:1)
  A shard shrike zombie (Crypt:3)
  7 tentacled monstrosities
  3 liches
  17 Orb Guardians
  A walking divine tome (Depths:2)
  A titan (Depths:2)
  A walking frostbound tome (Depths:2)
  A quicksilver dragon (Zot:1)
  22 acid blobs
  An ancient champion (Crypt:1)
  3 sphinxes
  5 death cobs
  Frances (D:14)
  Agnes (D:14)
  A shadow dragon (Depths:2)
  Kirke (Swamp:1)
  Roxanne (Swamp:3)
  A thorn hunter (Swamp:3)
  9 storm dragons
  Aizul (Swamp:1)
  2 tengu reavers (Depths:3)
  10 nagarajas (Snake:4)
  13 azure jellies
  2 draconian knights (Zot:4)
  The ghost of Pudaididd the Metamorph, an adept DsMo of Gozag (Snake:3)
  18 rockslimes
  4 deep elf sorcerers
  4 draconian monks
  3 revenants
  2 protean progenitors (Zot:4)
  10 vault wardens
  An iron dragon (Depths:2)
  3 draconian shifters (Zot:4)
  Louise (D:15)
  4 draconian scorchers
  6 ghost moths
  5 fire giants
  2 frost giants
  8 ironbound preservers
  A balrug (Depths:2)
  12 ghouls
  3 curse skulls
  3 draconian annihilators (Zot:4)
  5 draconian stormcallers
  7 orc warlords
  2 cacodemons
  7 ironbound thunderhulks
  8 quicksilver oozes
  3 war gargoyles (Vaults:4)
  2 stone giants (Depths:3)
  13 very ugly things
  A spriggan defender (Depths:3)
  11 formless jellyfish
  8 vampire knights
  A deep elf demonologist (Elf:1)
  Nessos (D:15)
  A lorocyproca (D:15)
  5 green draconians
  5 yellow draconians
  8 white draconians
  4 red draconians
  2 eleionomae
  A deep elf annihilator (Elf:1)
  8 spark wasps
  4 black draconians
  A minotaur (Gauntlet)
  6 dire elephants (Vaults:2)
  3 bunyips
  A halazid warlock (Desolation)
  6 purple draconians
  2 eidola (Crypt:2)
  A mummy priest (Crypt:3)
  5 ettins
  A merfolk javelineer (Depths:1)
  A blizzard demon (Depths:2)
  Josephine (Swamp:1)
  2 deep elf death magi
  4 ragged hierophants (Desolation)
  3 entropy weavers
  3 crystal guardians
  6 great orbs of eyes
  An entropy weaver (shapeshifter) (Lair:5)
  8 fire dragons
  6 jiangshi (Crypt:1)
  6 yaktaur captains
  4 spriggan zombies
  6 ice dragons
  4 hydras
  A spriggan skeleton (Depths:3)
  7 vault guards
  8 servants of whispers (Desolation)
  2 rakshasas
  4 spriggan air magi
  4 salamander tyrants (Snake:4)
  7 ironbound frosthearts
  7 death knights
  8 peacekeepers
  12 anacondas
  10 alligators
  3 two-headed ogres
  A sphinx zombie (Crypt:1)
  A boulder beetle (Vaults:1)
  2 tengu warriors (Depths:3)
  2 centaur warriors
  A hell hog (Gauntlet)
  8 dancing weapons
  5 deep troll shamans
  6 vampire magi
  3 thrashing horrors (Lair:5)
  A bennu skeleton (Crypt:2)
  18 naga warriors
  The ghost of bumbalina the Thaumaturge, a journeyman DEFE of Vehumet (Orc:2)
  3 occultists
  4 deep troll earth magi
  A shock serpent (shapeshifter) (Elf:1)
  2 sun demons (Depths:2)
  3 soul eaters
  5 spriggan berserkers
  An orc high priest (Orc:2)
  8 shock serpents
  Sonja (Lair:1)
  A storm dragon zombie (Crypt:1)
  21 naga sharpshooters
  A hell knight (Depths:3)
  2 deep elf knights (Elf:1)
  3 salamander mystics
  A sixfirhy (Zot:5)
  31 skeletal warriors
  A sea snake (Snake:3)
  47 deep trolls
  6 skysharks
  An orb spider (Zot:4)
  3 goliath frogs
  5 glowing orange brains
  4 iron trolls
  5 swamp dragons
  9 flayed ghosts
  A bunyip zombie (Crypt:2)
  8 bog bodies
  An obsidian statue (Zot:5)
  A bunyip skeleton (Crypt:1)
  3 deep elf archers (Elf:1)
  13 ironbound convokers
  3 spriggan druids
  23 phantasmal warriors
  7 naga ritualists
  A shadow demon (D:2)
  15 lindwurms
  9 arcanists
  5 harpies (Vaults:2)
  3 orc knights
  10 deep elf pyromancers
  10 deep elf zephyrmancers (Elf:1)
  The ghost of graki42 the Thaumaturge, a novice DECj of Sif Muna (D:9)
  A fire giant zombie (Depths:3)
  12 mana vipers
  An eleionoma zombie (Crypt:2)
  3 orc sorcerers
  2 cyclopes
  29 ugly things
  6 necromancers
  5 shining eyes
  A stone giant zombie (Crypt:3)
  4 elephants (Lair:4)
  3 manticores
  2 will-o-the-wisps
  15 salamanders
  A spectral centaur (D:9)
  15 moths of wrath
  32 black mambas
  A dire elephant zombie (Crypt:1)
  18 vault sentinels
  A black mamba (shapeshifter) (Depths:1)
  A centaur zombie (D:9)
  17 guardian serpents
  A kobold blastminer (Orc:2)
  An eye of devastation (Slime:5)
  An orange demon (Zot:5)
  A smoke demon (Depths:2)
  Joseph (D:8)
  3 naga zombies
  14 naga magi
  A molten gargoyle (Desolation)
  2 ice statues (IceCv)
  7 cane toads
  An unseen horror (D:13)
  A gargoyle (D:11)
  6 komodo dragons
  5 rime drakes
  2 kobold demonologists
  17 yaktaurs
  A dire elephant skeleton (Crypt:1)
  3 tengu conjurers
  8 freezing wraiths
  A pale draconian skeleton (Crypt:1)
  A guardian mummy (Crypt:3)
  A harpy zombie (Crypt:3)
  A bloated husk (Swamp:2)
  11 hornets
  A troll (shapeshifter) (Vaults:2)
  A polar bear (Lair:5)
  5 trolls
  2 tyrant leeches
  12 blink frogs (Lair:5)
  3 glass eyes
  58 saltlings (Desolation)
  2 ettin zombies
  A raiju (Lair:5)
  2 tarantellas (Zot:4)
  An air elemental (Elf:1)
  122 slime creatures
  6 jumping spiders
  An ice dragon zombie (Crypt:1)
  11 flying skulls
  13 wraiths
  2 centaur simulacra
  A dire elephant simulacrum (Crypt:1)
  A vampire (D:10)
  A shadow (D:11)
  A black mamba zombie (Crypt:1)
  2 spriggans (shapeshifter)
  2 ynoxinuls (Lair:5)
  4 wyverns
  10 spriggans
  2 water elementals (Depths:1)
  4 basilisks
  2 fire bats (Gauntlet)
  An ushabti (Crypt:3)
  4 fire elementals
  33 yaks
  An unseen horror simulacrum (D:9)
  4 hogs (Swamp:1)
  9 golden eyes
  A tyrant leech zombie (Crypt:2)
  4 redbacks
  4 vampire mosquitoes
  A chaos spawn (Lair:5)
  6 small abominations (Lair:5)
  A swamp worm (shapeshifter) (Depths:2)
  A harpy simulacrum (D:15)
  5 wargs
  A glowing shapeshifter zombie (Depths:3)
  10 swamp worms
  8 water moccasins
  2 acid dragons
  A hydra simulacrum (Crypt:1)
  51 nagas
  A naga skeleton (Crypt:1)
  17 orc warriors
  3 hell hounds
  A swamp drake (Swamp:3)
  A demonspawn skeleton (Crypt:2)
  An ice beast (D:5)
  Pargi (Sewer)
  A black bear (Lair:1)
  8 ogres
  3 boggarts (Vaults:3)
  9 wolves (Gauntlet)
  9 centaurs
  2 phantoms
  Blork the orc (D:4)
  3 kobold brigands (D:8)
  15 necrophages
  A brain worm (Sewer)
  5 bullfrogs
  4 earth elementals (Elf:1)
  A komodo dragon skeleton (Crypt:2)
  5 scorpions
  2 wyvern skeletons (Crypt:3)
  6 wights (D:9)
  2 lindwurm simulacra (IceCv)
  2 troll zombies (Swamp:4)
  6 killer bees
  11 howler monkeys
  A troll skeleton (Swamp:4)
  6 komodo dragon simulacra (IceCv)
  4 hounds
  A basilisk zombie (Crypt:2)
  7 jellies
  Crazy Yiuf (D:4)
  A gnoll bouda (D:5)
  11 orc priests
  4 iguanas
  A sleepcap (D:4)
  12 orc wizards
  17 gnolls
  4 acid dragon simulacra (IceCv)
  6 adders
  8 white imps (Lair:2)
  2 howler monkey simulacra (D:9)
  4 ufetubi (D:5)
  9 steam dragon simulacra (IceCv)
  4 dart slugs
  62 orcs
  4 ball pythons
  5 endoplasms
  8 giant cockroaches
  10 hobgoblins
  2 jackals (D:5)
  6 quokkas
  2 ball python zombies
  5 bats (D:1)
  4 frilled lizards
  14 goblins
  18 kobolds
  A quokka zombie (Crypt:1)
  5 rats
1876 creatures vanquished.

Vanquished Creatures (collateral kills)
  2 orbs of fire (Zot:5)
  2 ancient liches (Zot:5)
  A royal mummy (Crypt:1)
  Vv (Depths:4)
  A Killer Klown (Zot:5)
  3 pandemonium lords
  Vashnia (Snake:2)
  A golden dragon (Zot:1)
  2 electric golems (Zot:5)
  3 tentacled monstrosities
  Rupert (D:15)
  2 liches
  9 Orb Guardians (Zot:5)
  4 quicksilver dragons
  An acid blob (Slime:5)
  4 death cobs
  2 tengu reavers
  A thorn hunter (Swamp:3)
  Donald (Lair:2)
  A storm dragon (Zot:5)
  2 shadow dragons
  An azure jelly (Slime:5)
  A protean progenitor (Zot:1)
  3 draconian monks (Zot:1)
  A fire giant (Depths:1)
  2 draconian shifters
  3 frost giants
  4 ironbound preservers
  A vault warden (Vaults:4)
  A draconian annihilator (Zot:4)
  8 ghouls
  14 very ugly things
  A spriggan defender (Depths:2)
  A formless jellyfish (Vaults:4)
  5 stone giants
  3 green draconians
  2 ironbound thunderhulks
  5 red draconians
  4 purple draconians
  6 spark wasps
  3 black draconians
  4 bunyips
  2 dire elephants (Vaults:2)
  A halazid warlock (Desolation)
  4 white draconians
  5 yellow draconians
  Azrael (Snake:3)
  A blizzard demon (Depths:2)
  2 eidola (Crypt:3)
  An ettin (Depths:3)
  A yaktaur captain (Vaults:4)
  An entropy weaver (Vaults:3)
  2 quicksilver dragon zombies (Crypt:3)
  A fire dragon (Depths:1)
  Erolcha (D:10)
  A servant of whispers (Desolation)
  A shambling mangrove (Swamp:3)
  A hell beast (D:10)
  A rakshasa (Depths:1)
  A spriggan air mage (Depths:1)
  4 vault guards
  A great orb of eyes (Slime:5)
  A catoblepas (D:14)
  An ironbound frostheart (Vaults:3)
  5 ice dragons
  An alligator (Swamp:3)
  Erica (D:10)
  3 boulder beetles
  16 hydras
  A dancing weapon (D:14)
  An anaconda (Snake:3)
  3 deep troll shamans
  A thrashing horror (Lair:5)
  3 tengu warriors
  2 naga sharpshooters (Snake:2)
  3 naga warriors
  A titan zombie (Crypt:3)
  3 deep troll earth magi
  An occultist (D:15)
  2 spriggans (Depths:1)
  2 shock serpents
  2 spriggan berserkers
  3 iron trolls
  2 skeletal warriors
  A flayed ghost (Depths:3)
  5 goliath frogs
  2 sea snakes (Snake:3)
  A spriggan druid (Swamp:1)
  An arcanist (Vaults:4)
  3 glowing orange brains
  19 deep trolls
  3 phantasmal warriors (Crypt:3)
  2 naga ritualists (Snake:3)
  An ironbound convoker (Desolation)
  6 swamp dragons
  4 lindwurms
  A deep elf pyromancer (D:15)
  4 bog bodies
  2 orc knights (Vaults:1)
  A tengu zombie (Depths:3)
  2 harpies (Vaults:2)
  A shining eye (Slime:5)
  2 mana vipers
  18 ugly things
  A human zombie (Crypt:3)
  A will-o-the-wisp (Swamp:3)
  2 manticores
  2 centaur zombies
  A moth of wrath (Zot:1)
  A naga zombie (Crypt:3)
  2 elephants (Lair:4)
  A rust devil (D:15)
  2 vault sentinels
  A kobold blastminer (Orc:2)
  An orange demon (D:6)
  5 black mambas
  A smoke demon (Lair:5)
  A naga mage (Snake:3)
  5 komodo dragons
  2 yaktaurs (Vaults:3)
  5 cane toads
  A large abomination (Lair:5)
  4 freezing wraiths
  2 tengu conjurers (D:15)
  A harpy zombie (Crypt:3)
  An ice devil (Zot:4)
  A tyrant leech (Swamp:3)
  A hornet (shapeshifter) (D:14)
  5 trolls
  A saltling (Desolation)
  6 hornets
  Prince Ribbit (D:7)
  A snapping turtle (shapeshifter) (D:15)
  A raiju (Lair:5)
  5 blink frogs (Lair:5)
  42 slime creatures
  A water elemental (Depths:1)
  A culicivora (Vaults:3)
  5 wraiths
  2 wyverns
  2 ynoxinuls (Lair:5)
  15 yaks
  A fire elemental (Snake:3)
  A steam dragon (Lair:3)
  2 basilisks
  A redback (Vaults:1)
  4 vampire mosquitoes
  7 nagas
  4 swamp worms
  A warg (Orc:2)
  An acid dragon (D:13)
  2 hell hounds (Snake:3)
  8 water moccasins
  4 swamp drakes (Swamp:3)
  A sky beast (D:8)
  2 black bears
  An orc warrior (Orc:2)
  2 small abominations (Lair:5)
  A crocodile (shapeshifter) (D:15)
  A boggart (Vaults:3)
  5 wolves (Lair:4)
  4 centaurs
  An ogre (Orc:2)
  A phantom (Crypt:3)
  A kobold brigand (D:7)
  2 bullfrogs (Lair:1)
  2 necrophages (Crypt:3)
  A gnoll sergeant (D:10)
  4 wyvern skeletons (Crypt:3)
  A wight (D:9)
  2 killer bees (D:8)
  A quasit (D:10)
  4 orc priests
  6 jellies (Lair:4)
  A sleepcap (D:7)
  6 orc wizards
  A mummy (Crypt:3)
  2 gnolls
  4 white imps (Lair:2)
  An ufetubus (D:10)
  9 orcs
  2 kobolds (D:7)
  2 aspiring fleshes (Zot:1)
  A butterfly (Lair:4)
529 creatures vanquished.

Vanquished Creatures (others)
  Urug (Zot:5)
  4 orc warlords
  A draconian annihilator (Zot:1)
  A draconian stormcaller (Zot:4)
  25 orc knights
  An occultist (Depths:2)
  7 orc high priests
  A deep elf pyromancer (Elf:1)
  10 orc sorcerers
  A salamander (Snake:3)
  19 orc warriors
  2 bloated husks
  A spriggan (Swamp:1)
  A wyvern (Lair:3)
  A naga (Snake:4)
  A swamp drake (Swamp:4)
  27 orc priests
  22 orc wizards
  34 orcs
  9 foxfires
169 creatures vanquished.

Grand Total: 2574 creatures vanquished

Notes
Turn   | Place    | Note
-------+----------+-------------------------------------------
     0 | D:1      | Solx the Hill Orc Monk began the quest for the Orb.
     0 | D:1      | Reached XP level 1. HP: 19/19 MP: 1/1
   347 | D:1      | Reached XP level 2. HP: 27/27 MP: 2/2
   738 | D:1      | Reached skill level 5 in Axes
   829 | D:1      | Reached XP level 3. HP: 32/33 MP: 3/3
  1295 | D:2      | Found a sacrificial altar of Ru.
  1302 | D:2      | Found a faded altar of an unknown god.
  1550 | D:2      | Reached XP level 4. HP: 41/41 MP: 4/4
  1827 | D:3      | Found a radiant altar of Vehumet.
  1915 | D:3      | Found a blossoming altar of Fedhas.
  2050 | D:3      | Became a worshipper of Beogh the Brigand
  2050 | D:3      | Reached * piety under Beogh
  2050 | D:3      | Reached ** piety under Beogh
  2171 | D:3      | Reached XP level 5. HP: 47/47 MP: 5/5
  2498 | D:4      | Reached skill level 5 in Fighting
  2498 | D:4      | Reached skill level 1 in Invocations
  2529 | D:4      | Reached skill level 2 in Invocations
  2529 | D:4      | Reached XP level 6. HP: 51/56 MP: 5/7
  2605 | D:4      | Found a basalt altar of Yredelemnul.
  2605 | D:4      | Noticed Blork the orc
  2637 | D:4      | Killed Blork the orc
  2661 | D:4      | Found a glowing silver altar of Zin.
  2668 | D:4      | Found a hazy altar of Hepliaklqana.
  2671 | D:4      | Found an ornate altar of the Wu Jian Council.
  2673 | D:4      | Found a sacrificial altar of Ru.
  2718 | D:4      | Found a white marble altar of Elyvilon.
  2899 | D:4      | Found a glowing drain.
  2914 | Sewer    | Entered a sewer
  3126 | Sewer    | Reached skill level 3 in Invocations
  3126 | Sewer    | Reached XP level 7. HP: 49/62 MP: 6/9
  3317 | Sewer    | Noticed Pargi
  3330 | Sewer    | Killed Pargi
  3649 | D:4      | Reached skill level 4 in Invocations
  3826 | D:4      | Found a burning altar of Makhleb.
  4044 | D:4      | Found a runed translucent door.
  4045 | D:4      | Noticed Crazy Yiuf
  4050 | D:4      | Killed Crazy Yiuf
  4389 | D:5      | Entered Level 5 of the Dungeon
  4458 | D:5      | Found Ugyen's General Store.
  4472 | D:5      | Reached XP level 8. HP: 48/71 MP: 11/11
  4624 | D:5      | Reached skill level 5 in Invocations
  4639 | D:5      | Reached skill level 10 in Axes
  5047 | D:5      | Reached skill level 6 in Invocations
  5627 | D:5      | Reached XP level 9. HP: 80/80 MP: 13/13
  6181 | D:6      | Noticed a manticore
  6210 | D:6      | Killed a manticore
  6211 | D:6      | Reached skill level 7 in Invocations
  6498 | D:6      | Found a staircase to the Ecumenical Temple.
  6508 | Temple   | Entered the Ecumenical Temple
  7158 | D:7      | Reached skill level 1 in Armour
  7216 | D:7      | Reached skill level 8 in Invocations
  7284 | D:7      | You fall into a shaft and drop 2 floors!
  7384 | D:9      | Reached XP level 10. HP: 56/91 MP: 16/16
  7539 | D:9      | Found a runed translucent gate.
  7539 | D:9      | Found a runed translucent gate.
  7539 | D:9      | Found a runed translucent gate.
  7539 | D:9      | Noticed graki42's ghost (novice DECj)
  7539 | D:9      | Noticed a spectral centaur warrior
  7967 | D:8      | Noticed a kobold demonologist
  7976 | D:8      | Killed a kobold demonologist
  7993 | D:8      | Noticed Joseph
  8009 | D:8      | Killed Joseph
  8017 | D:8      | Found a flagged portal.
  8146 | Bailey   | Entered a bailey
  8365 | Bailey   | Acquired the amulet "Epasep" {Acrobat Will++ Int-3}
  8374 | Bailey   | Acquired 468 gold pieces
  8387 | Bailey   | Reached *** piety under Beogh
  8494 | Bailey   | Noticed an orc knight
  8502 | Bailey   | Killed an orc knight
  8503 | Bailey   | Reached skill level 10 in Fighting
  8918 | D:7      | Identified the ring of Elyvilon's Favour {Will+++ Str-5
                  | Int+6 Dex+3}
  9303 | D:7      | Noticed Prince Ribbit
  9308 | D:7      | Killed Prince Ribbit
  9309 | D:7      | Reached skill level 15 in Axes
  9567 | D:8      | Found a broken altar of Ashenzari.
  9984 | D:9      | Found a staircase to the Lair.
 10276 | D:9      | Found a staircase to the Orcish Mines.
 10283 | D:9      | Found a roughly hewn altar of Beogh.
 10505 | D:9      | Killed graki42's ghost
 10506 | D:9      | Reached XP level 11. HP: 91/101 MP: 17/17
 10510 | D:9      | Reached skill level 5 in Armour
 10611 | D:10     | Entered Level 10 of the Dungeon
 10611 | D:10     | Noticed Erica
 10615 | D:10     | Killed Erica
 10950 | D:10     | Noticed Erolcha
 10959 | D:10     | Killed Erolcha
 11574 | D:11     | Reached **** piety under Beogh
 11629 | D:11     | Noticed a red ugly thing
 11642 | D:11     | Killed a red ugly thing
 11761 | D:11     | Noticed a manticore
 11771 | D:11     | Killed a manticore
 12048 | D:11     | Reached skill level 9 in Invocations
 12350 | Lair:1   | Entered Level 1 of the Lair of Beasts
 12495 | Lair:1   | Noticed Sonja
 12507 | Lair:1   | Killed Sonja
 12513 | Lair:1   | Gained Korbok as an ally
 12787 | Lair:1   | Reached XP level 12. HP: 73/112 MP: 19/19
 12904 | Lair:1   | Reached skill level 10 in Invocations
 13383 | Lair:1   | Reached skill level 11 in Invocations
 13618 | Lair:1   | You fall into a shaft and drop 1 floor!
 13618 | Lair:2   | Noticed a six-headed hydra
 14021 | Lair:2   | Found a frozen archway.
 14053 | IceCv    | Entered an ice cave
 14058 | IceCv    | Reached ***** piety under Beogh
 14287 | IceCv    | Reached skill level 10 in Armour
 14538 | IceCv    | Identified the +5 flail of Weak Optimality {flame, rN+}
 14675 | IceCv    | Noticed a white draconian
 14703 | IceCv    | Killed a white draconian
 14746 | IceCv    | Identified the ring of Dufesan {*Slow Fly Str+4 Int+5}
 14754 | IceCv    | Identified the ring of Innar {Will++ Str+6 Dex+3}
 14950 | Lair:2   | Found a staircase to the Swamp.
 14959 | Lair:2   | Reached skill level 12 in Invocations
 15032 | Lair:2   | Killed a nine-headed hydra
 15127 | Lair:2   | Found a staircase to the Snake Pit.
 15809 | Lair:3   | Noticed a skyshark
 15815 | Lair:3   | Killed a skyshark
 15884 | Lair:3   | Noticed an eight-headed hydra
 15889 | Lair:3   | Killed an eight-headed hydra
 15975 | Lair:3   | Reached XP level 13. HP: 113/118 MP: 22/22
 17112 | Lair:4   | Found a staircase to the Slime Pits.
 17123 | Lair:4   | Found a viscous altar of Jiyva.
 17717 | Lair:5   | Entered Level 5 of the Lair of Beasts
 17757 | Lair:5   | Reached skill level 13 in Invocations
 17790 | Lair:5   | Reached ****** piety under Beogh
 18545 | Lair:5   | Reached skill level 14 in Invocations
 18549 | Lair:5   | Noticed an entropy weaver
 18550 | Lair:5   | Reached XP level 14. HP: 93/132 MP: 24/24
 18953 | Lair:5   | Identified the amulet of Spontaneous Combustion {Faith
                  | rElec rF+ Str+2 Int-3}
 18986 | Lair:5   | Found a corrupted altar of Lugonu.
 18986 | Lair:5   | Found a one-way gate to the infinite horrors of the Abyss.
 19008 | Lair:5   | Identified the +9 great mace of Yzosha {freeze, *Rage rCorr
                  | Int+6 SInv}
 19592 | D:12     | Found a portal to a secret trove of treasure.
 19730 | D:12     | Found a gate leading to a gauntlet.
 19742 | Gauntlet | Entered a Gauntlet
 19742 | Gauntlet | Found a transporter.
 19753 | Gauntlet | Found a transporter.
 19763 | Gauntlet | Found a transporter.
 19779 | Gauntlet | Found a transporter.
 19781 | Gauntlet | Found the necklace of Bloodlust {Fury *Rage Will++ Int-3
                  | Slay+6}
 19787 | Gauntlet | Found a transporter.
 19792 | Gauntlet | Noticed a balrug
 19804 | Gauntlet | Found a transporter.
 19834 | Gauntlet | Found a transporter.
 19843 | Gauntlet | Found a transporter.
 19848 | Gauntlet | Found a transporter.
 19863 | Gauntlet | Found a transporter.
 19868 | Gauntlet | Found a transporter.
 19887 | Gauntlet | Found a transporter.
 19892 | Gauntlet | Found a transporter.
 19894 | Gauntlet | Found a transporter.
 19911 | Gauntlet | Found a transporter.
 19940 | Gauntlet | Found a transporter.
 19960 | Gauntlet | Found a transporter.
 20001 | Gauntlet | Found a transporter.
 20203 | Gauntlet | Identified the ring "Ecvuneacw" {rF+ rCorr Int+2 Dex-3}
 20234 | Gauntlet | Identified the +10 plate armour of Summertime {Will++}
 20569 | D:12     | Reached skill level 15 in Fighting
 21603 | D:13     | Gained Bladwarg as an ally
 21943 | D:13     | Found Danyxzoh's Book Shoppe.
 21950 | D:13     | Bought a manual of Armour for 1280 gold pieces
 22185 | D:13     | Noticed an emperor scorpion
 22186 | D:13     | Noticed an emperor scorpion
 22194 | D:13     | Found a runed translucent door.
 22198 | D:13     | Found a runed translucent gate.
 22200 | D:13     | Found a runed translucent gate.
 22200 | D:13     | Found a runed translucent gate.
 22202 | D:13     | Found a runed translucent door.
 22202 | D:13     | Noticed an emperor scorpion
 22204 | D:13     | Noticed an emperor scorpion
 22205 | D:13     | Noticed an emperor scorpion
 22220 | D:13     | Found the +9 staff of Olgreb {rPois∞}
 22236 | D:13     | Noticed a ghost moth
 22487 | D:14     | Noticed Frances
 22492 | D:14     | Killed Frances
 22496 | D:14     | Reached skill level 1 in Shields
 22588 | D:14     | Noticed Agnes
 22593 | D:14     | Killed Agnes
 22927 | D:14     | Found an ancient bone altar of Kikubaaqudgha.
 22974 | D:14     | Found a gate to the Vaults.
 23160 | D:14     | Reached skill level 15 in Invocations
 23571 | D:15     | Entered Level 15 of the Dungeon
 23593 | D:15     | Reached XP level 15. HP: 143/143 MP: 26/26
 23737 | D:15     | Gained Ognian as an ally
 24105 | D:15     | Noticed Rupert
 24111 | D:15     | Killed Rupert
 24112 | D:15     | Reached skill level 5 in Shields
 24195 | D:15     | Noticed Louise
 24336 | Orc:1    | Entered Level 1 of the Orcish Mines
 25040 | Orc:2    | Entered Level 2 of the Orcish Mines
 25040 | Orc:2    | Found a staircase to the Elven Halls.
 25220 | Orc:1    | Noticed Urug
 26647 | Orc:2    | Found a runed translucent door.
 26653 | Orc:2    | Noticed bumbalina's ghost (journeyman DEFE)
 26666 | Orc:2    | Killed bumbalina's ghost
 26705 | Orc:2    | Gained Oreg as an ally
 26840 | Orc:2    | Found Coux's Armour Shoppe.
 26840 | Orc:2    | Found Ashobran's Armour Boutique.
 26968 | Orc:2    | Found Micu's Jewellery Boutique.
 26968 | Orc:2    | Found Tos Ygad's Distillery.
 26977 | Orc:2    | Bought a potion of heal wounds for 70 gold pieces
 26977 | Orc:2    | Bought a potion of enlightenment for 70 gold pieces
 26977 | Orc:2    | Bought a potion of curing for 42 gold pieces
 26979 | Orc:2    | Bought the +0 helmet of Summer {+Inv Int+6 Slay+3 Stlth+}
                  | for 558 gold pieces
 27015 | Orc:2    | Bought a +7 chain mail of ponderousness for 198 gold pieces
 27954 | D:15     | Identified the +7 whip "Killer Klown's Curse" {drain,
                  | rElec}
 27961 | D:15     | Killed Louise
 28650 | D:15     | Found a staircase to the Depths.
 28776 | D:15     | Noticed Nessos
 28779 | D:15     | Killed Nessos
 28928 | D:15     | Reached skill level 16 in Invocations
 29258 | Snake:1  | Entered Level 1 of the Snake Pit
 29339 | Swamp:1  | Entered Level 1 of the Swamp
 29484 | Elf:1    | Entered Level 1 of the Elven Halls
 29511 | Elf:1    | Found a radiant altar of Vehumet.
 29533 | Elf:1    | Reached skill level 10 in Shields
 29562 | Elf:1    | Noticed a deep elf sorcerer
 29583 | Elf:1    | Killed a deep elf sorcerer
 29601 | Elf:1    | Reached skill level 15 in Armour
 30066 | Elf:1    | Reached XP level 16. HP: 136/150 MP: 28/28
 30099 | Elf:1    | Found Oqais's Armour Emporium.
 30103 | Elf:1    | Bought a +2 plate armour of poison resistance for 407 gold
                  | pieces
 30296 | Elf:1    | Found Redeto's Book Shop.
 30300 | Elf:1    | Found Sacir's Distillery.
 30512 | Elf:1    | Bought a potion of curing for 45 gold pieces
 30512 | Elf:1    | Bought a potion of curing for 45 gold pieces
 30578 | Elf:1    | Acquired the +3 pair of seven-league boots {Rampage+∞}
 30578 | Elf:1    | Found the +3 pair of seven-league boots {Rampage+∞}
 31373 | Snake:1  | Your ally Oreg died
 31418 | Snake:1  | You fall into a shaft and drop 1 floor!
 31418 | Snake:2  | Noticed Vashnia
 31454 | Snake:2  | Gained Bogbrand as an ally
 31468 | Snake:2  | Your ally Bogbrand died
 31623 | Snake:2  | Gained Garbold as an ally
 32808 | Snake:2  | Killed Vashnia
 32876 | Snake:2  | Your ally Garbold died
 33413 | Snake:2  | Identified the amulet "Exkunuryuph" {Acrobat Rampage Fly
                  | rPois Slay-3}
 33645 | Snake:3  | Gained Argrim as an ally
 33750 | Snake:3  | Reached XP level 17. HP: 138/158 MP: 26/29
 33970 | Snake:3  | Found a shimmering blue altar of Sif Muna.
 33987 | Snake:3  | Noticed Azrael
 33989 | Snake:3  | Reached skill level 1 in Evocations
 33993 | Snake:3  | Gained Argrim as an ally
 33998 | Snake:3  | Killed Azrael
 33998 | Snake:3  | Your ally Argrim died
 34992 | Snake:3  | Gained Olfrun as an ally
 35107 | Snake:3  | Found a runed translucent gate.
 35107 | Snake:3  | Found a runed translucent gate.
 35107 | Snake:3  | Found a runed translucent gate.
 35108 | Snake:3  | Noticed Pudaididd's ghost (adept DsMo)
 35137 | Snake:3  | Killed Pudaididd's ghost
 35432 | Snake:4  | Entered Level 4 of the Snake Pit
 35590 | Snake:4  | Reached skill level 17 in Invocations
 35627 | Snake:4  | Reached skill level 5 in Evocations
 36151 | Snake:4  | Gained Murdo as an ally
 36165 | Snake:4  | Reached skill level 15 in Shields
 36169 | Snake:4  | Your ally Murdo died
 36362 | Snake:4  | Gained Harm as an ally
 36638 | Snake:4  | Reached XP level 18. HP: 167/167 MP: 30/30
 38026 | Snake:4  | Got a serpentine rune of Zot
 38496 | Swamp:1  | Noticed Donald
 38511 | Lair:2   | Killed Donald
 38641 | Swamp:1  | Noticed Josephine
 38655 | Swamp:1  | Killed Josephine
 39016 | Swamp:1  | Noticed Kirke
 39027 | Swamp:1  | Killed Kirke
 39094 | Swamp:1  | Identified the serpent talisman "Ganommio" {Stlth+}
 39094 | Swamp:1  | Noticed Aizul
 39112 | Swamp:1  | Killed Aizul
 40096 | Swamp:2  | Identified the +4 long sword of Fimbulwinter {drain, rElec
                  | Str+6 Stlth-}
 40440 | Swamp:2  | Reached skill level 5 in Dodging
 41198 | Swamp:3  | Noticed Roxanne
 41591 | Swamp:3  | Killed Roxanne
 41616 | Swamp:3  | Reached XP level 19. HP: 155/173 MP: 31/31
 41678 | Swamp:4  | Entered Level 4 of the Swamp
 41738 | Swamp:3  | Reached XP level 20. HP: 182/182 MP: 32/32
 42213 | Swamp:4  | Got a decaying rune of Zot
 42285 | Swamp:4  | Gained Blodwig as an ally
 42437 | Swamp:4  | Your ally Blodwig died
 43196 | Vaults:1 | Entered Level 1 of the Vaults
 43199 | Vaults:1 | Identified the +5 chain mail of the Kodama {rC+ Dex+5
                  | Stlth-}
 43204 | Vaults:1 | Found a flickering gateway to a bazaar.
 43239 | Bazaar   | Entered a bazaar
 43243 | Bazaar   | Found Sugunk's Jewellery Boutique.
 43262 | Bazaar   | Found Tezafel's Antique Weapon Emporium.
 43280 | Bazaar   | Found Duplipso's Book Boutique.
 43301 | Bazaar   | Found Boumiff's Antique Armour Shoppe.
 43353 | Bazaar   | Bought a jewelled chain mail for 237 gold pieces
 43353 | Bazaar   | Identified the +5 chain mail of Ciumn {rPois rF- Will-
                  | Int+9} (You bought it in a shop in a bazaar)
 44478 | Vaults:1 | Gained Bogdan as an ally
 45064 | Vaults:2 | Reached skill level 18 in Invocations
 45733 | Vaults:2 | Identified the +7 great sword "Cozonlos" {flame, Will+
                  | Str+4}
 45839 | Vaults:2 | Found Gisiobr Qoma's Round Resellers.
 45852 | Vaults:2 | Gained Ugbert as an ally
 45857 | Vaults:2 | Your ally Bogdan died
 45862 | Vaults:2 | Your ally Ugbert died
 46019 | Vaults:2 | Found a staircase to the Crypt.
 46019 | Vaults:2 | Found an ancient bone altar of Kikubaaqudgha.
 46019 | Vaults:2 | Found a basalt altar of Yredelemnul.
 46660 | Vaults:3 | Reached XP level 21. HP: 184/194 MP: 34/34
 46670 | Vaults:3 | Gained Borgk as an ally
 46698 | Vaults:3 | Gained Bogric as an ally
 46707 | Vaults:3 | Your ally Bogric died
 46708 | Vaults:3 | Reached skill level 19 in Invocations
 47138 | Vaults:3 | Gained Borgoth as an ally
 47280 | Vaults:3 | Reached skill level 20 in Invocations
 47558 | Vaults:3 | Noticed Frederick
 47571 | Vaults:3 | Your ally Borgoth died
 47575 | Vaults:3 | Killed Frederick
 48003 | Vaults:4 | Gained Borgoth as an ally
 48009 | Vaults:4 | Gained Borgk as an ally
 48055 | Vaults:4 | Found a crumbling gateway.
 48069 | Desolati | Entered the Desolation of Salt
 48197 | Desolati | Identified the amulet "Jorch" {Reflect rN+ SH+5 SInv}
 48206 | Desolati | Gained Bogric as an ally
 48240 | Desolati | Identified the ring of Awe {rPois rC- Will+ MP+9 Str+4}
 48260 | Desolati | Identified the +2 chain mail of the Sneaky Portals {rC+}
 48263 | Desolati | Identified the +0 arbalest of the Doomed Warrior {flame,
                  | rC- Dex+2 SInv}
 48266 | Desolati | Identified the +8 spear "Cisutzef" {heavy, rF+ rC- Dex+8}
 48322 | Desolati | Reached XP level 22. HP: 202/204 MP: 36/36
 48358 | Desolati | Your ally Bogric died
 48485 | Desolati | Identified the staff of Success {rElec rPois Air}
 48727 | Desolati | Got the Excursus on the Fiery Entourage
 48759 | Desolati | Identified the +0 leather armour of Ishax {Int+4}
 48845 | Desolati | Identified the +1 hat of Filth {Str+4}
 48868 | Desolati | Got the Atlas of the Boreal Comitatus
 48902 | Desolati | Gained Orkrul as an ally
 49114 | Desolati | Got the Compilation of the Gargoyle and Ceraunoscopy
 49523 | Vaults:4 | Gained Oreg as an ally
 50022 | Vaults:4 | Your ally Borgk died
 50048 | Vaults:4 | Your ally Oreg died
 50808 | Depths:1 | Entered Level 1 of the Depths
 51005 | Depths:1 | Gained Urtork as an ally
 51037 | Depths:1 | Found a gateway to Hell.
 51126 | Depths:1 | Your ally Urtork died
 51132 | Depths:1 | Gained Zorug as an ally
 51134 | Depths:1 | Noticed Norris
 51145 | Depths:1 | Killed Norris
 51174 | Depths:1 | Your ally Urtork died
 51393 | Depths:1 | Identified the +7 mace "Atalir" {heavy, Stlth+}
 51452 | Depths:1 | Found an ornate altar of the Wu Jian Council.
 51531 | Depths:1 | Found a large runed translucent door.
 51531 | Depths:1 | Found a large runed translucent door.
 51535 | Depths:1 | Noticed a shard shrike
 52378 | Depths:2 | Reached skill level 21 in Invocations
 52423 | Depths:2 | Found Counoatyrgh's Weapon Emporium.
 52560 | Depths:2 | Gained Geork as an ally
 52920 | Depths:2 | Reached XP level 23. HP: 207/210 MP: 37/37
 52922 | Depths:2 | Noticed a juggernaut
 52940 | Depths:2 | Killed a juggernaut
 52941 | Depths:2 | Reached skill level 22 in Invocations
 53481 | Depths:2 | Found a one-way gate leading to the halls of Pandemonium.
 53861 | Depths:3 | Found a one-way gateway to a ziggurat.
 54065 | Depths:2 | Reached skill level 23 in Invocations
 54326 | Depths:3 | Found Cownuoc's Book Shop.
 54326 | Depths:3 | Found Zioleh's Jewellery Shoppe.
 54327 | Depths:3 | Found Gacw's Jewellery Shoppe.
 54754 | Depths:3 | Found a stormy altar of Qazlal.
 55152 | Depths:3 | Noticed a golden dragon
 55163 | Depths:3 | Killed a golden dragon
 55166 | Depths:3 | Identified the +7 chain mail of Zin's Condemnation {^Drain
                  | rN+ rCorr}
 55435 | Depths:3 | Gained Wargath as an ally
 55649 | Depths:3 | Noticed a golden dragon
 55657 | Depths:3 | Killed a golden dragon
 55700 | Depths:3 | Reached skill level 24 in Invocations
 56086 | Depths:4 | Entered Level 4 of the Depths
 56705 | Depths:4 | Gained Orgrim as an ally
 56705 | Depths:4 | Gained Bogbrand as an ally
 56789 | Depths:4 | Noticed Vv
 56794 | Depths:4 | Your ally Bogbrand died
 56799 | Depths:4 | Your ally Orgrim died
 56810 | Depths:4 | Killed Vv
 56944 | Depths:4 | Acquired 829 gold pieces
 56993 | Depths:4 | Gained Borgoth as an ally
 56998 | Depths:4 | Noticed a golden dragon
 56999 | Depths:4 | Your ally Borgoth died
 57016 | Depths:4 | Killed a golden dragon
 57186 | Depths:4 | Reached XP level 24. HP: 139/228 MP: 39/39
 57584 | Depths:4 | Found a gate to the Realm of Zot.
 57968 | Depths:3 | Upgraded the game from 0.31-a0-1225-g50297eb6a4 to
                  | 0.31-a0-1237-gabc64e778c
 58335 | Slime:1  | Entered Level 1 of the Pits of Slime
 58500 | Slime:1  | Gained mutation: You are frail. (-10% HP) [a shining eye]
 58550 | Slime:2  | Noticed Dissolution
 58773 | Slime:2  | Killed Dissolution
 58775 | Slime:2  | Gained Horkud as an ally
 58922 | Slime:3  | You fall into a shaft and drop 1 floor!
 59127 | Slime:4  | Reached skill level 25 in Invocations
 59830 | Slime:3  | Paralysed by a formless jellyfish for 1 turns
 59841 | Slime:3  | Your ally Horkud died
 59843 | Slime:3  | Gained Ugbert as an ally
 59898 | Slime:5  | Entered Level 5 of the Pits of Slime
 60097 | Slime:5  | Your ally Ugbert died
 60331 | Slime:5  | Gained Oreg as an ally
 60407 | Slime:5  | Noticed the Royal Jelly
 60413 | Slime:5  | Your ally Oreg died
 60413 | Slime:5  | Was placed under penance by Beogh
 60423 | Slime:5  | Killed the Royal Jelly
 60424 | Slime:5  | Reached skill level 10 in Dodging
 60816 | Slime:5  | Identified the ring "Ycso Vam" {rC+ rN+ AC+4}
 60849 | Slime:5  | Found the ring of Shadows {Umbra +Inv Stlth+}
 60866 | Slime:5  | Identified the ring "Sitel" {rN+ EV+5}
 60880 | Slime:5  | Identified the +10 glaive "Hidytedi" {heavy, Int+3}
 60885 | Slime:5  | Reached XP level 25. HP: 216/216 MP: 39/39
 60938 | Slime:5  | Identified the +2 spear "Ciqeur" {antimagic, rC+ Int+2
                  | Stlth+}
 60973 | Slime:5  | Got a slimy rune of Zot
 60977 | Slime:5  | Lost mutation: You are frail. (-10% HP) [potion of
                  | mutation]
 60977 | Slime:5  | Gained mutation: You passively map a small area around you.
                  | [potion of mutation]
 60977 | Slime:5  | Gained mutation: You are frail. (-10% HP) [potion of
                  | mutation]
 61668 | Slime:3  | Gained mutation: You are clumsy. (Dex -2) [a shining eye]
 61670 | Slime:3  | Gained mutation: You are very clumsy. (Dex -4) [a shining
                  | eye]
 63049 | Crypt:1  | Entered Level 1 of the Crypt
 63518 | Crypt:1  | Reached XP level 26. HP: 202/225 MP: 39/39
 63802 | Crypt:1  | Identified the +1 scale mail of Failure {rF+ rN+ rCorr
                  | Int+6}
 63850 | Crypt:1  | Was forgiven by Beogh
 63854 | Crypt:1  | Noticed Khufu
 63857 | Crypt:1  | Noticed a royal mummy
 63860 | Crypt:1  | Killed Khufu
 63865 | Crypt:1  | Noticed a royal mummy
 64170 | Crypt:1  | Killed a royal mummy
 64395 | Crypt:1  | Killed a royal mummy
 64396 | Crypt:1  | Reached skill level 26 in Invocations
 65795 | Crypt:2  | Noticed Xtahua
 65804 | Crypt:2  | Killed Xtahua
 65934 | Crypt:2  | Gained Wargath as an ally
 65934 | Crypt:2  | Gained Geork as an ally
 66059 | Crypt:3  | Entered Level 3 of the Crypt
 66555 | Crypt:3  | Got the Secrets of the Morgue
 66725 | Crypt:3  | Found a staircase to the Tomb.
 66856 | Crypt:3  | Found a basalt altar of Yredelemnul.
 66993 | Crypt:3  | Identified the +9 lajatang of Light {venom, Fly rN++ Int+4
                  | Stlth-}
 66993 | Crypt:3  | Identified the ring "Dyiz" {Str+6 Int+2}
 67262 | Crypt:3  | Reached skill level 27 in Invocations
 67987 | Crypt:1  | Noticed a royal mummy
 67993 | Crypt:1  | Killed a royal mummy
 68426 | Zot:1    | Entered Level 1 of the Realm of Zot
 68469 | Zot:1    | Lost mutation: You are frail. (-10% HP) [potion of
                  | mutation]
 68469 | Zot:1    | Lost mutation: You are very clumsy. (Dex -4) [potion of
                  | mutation]
 68469 | Zot:1    | Lost mutation: You are clumsy. (Dex -2) [potion of
                  | mutation]
 68469 | Zot:1    | Gained mutation: You do not regenerate when monsters are
                  | visible. [potion of mutation]
 68469 | Zot:1    | Gained mutation: You have very sharp teeth. [potion of
                  | mutation]
 68469 | Zot:1    | Gained mutation: You are frail. (-10% HP) [potion of
                  | mutation]
 68470 | Zot:1    | Lost mutation: You passively map a small area around you.
                  | [potion of mutation]
 68470 | Zot:1    | Lost mutation: You do not regenerate when monsters are
                  | visible. [potion of mutation]
 68470 | Zot:1    | Gained mutation: Your spells are a little easier to cast,
                  | but a little less powerful. [potion of mutation]
 68470 | Zot:1    | Gained mutation: Your body sometimes deteriorates upon
                  | taking damage. [potion of mutation]
 68470 | Zot:1    | Lost mutation: Your body sometimes deteriorates upon taking
                  | damage. [potion of mutation]
 68471 | Zot:1    | Lost mutation: You are frail. (-10% HP) [potion of
                  | mutation]
 68471 | Zot:1    | Lost mutation: Your spells are a little easier to cast, but
                  | a little less powerful. [potion of mutation]
 68471 | Zot:1    | Gained mutation: Armour fits poorly on your strangely
                  | shaped body. [potion of mutation]
 68471 | Zot:1    | Gained mutation: You are vulnerable to cold. (rC-) [potion
                  | of mutation]
 68472 | Zot:1    | Lost mutation: You are vulnerable to cold. (rC-) [potion of
                  | mutation]
 68472 | Zot:1    | Lost mutation: You have very sharp teeth. [potion of
                  | mutation]
 68472 | Zot:1    | Lost mutation: Armour fits poorly on your strangely shaped
                  | body. [potion of mutation]
 68472 | Zot:1    | Gained mutation: You do not regenerate when monsters are
                  | visible. [potion of mutation]
 68472 | Zot:1    | Gained mutation: You possess an exceptional clarity of
                  | mind. [potion of mutation]
 68472 | Zot:1    | Gained mutation: You are partially covered in iridescent
                  | scales. (AC +2) [potion of mutation]
 68798 | Zot:1    | Your ally Oreg died
 69087 | Zot:1    | Your ally Borgk died
 69092 | Zot:1    | Your ally Orkrul died
 69391 | Zot:1    | Reached XP level 27. HP: 149/261 MP: 36/40
 69404 | Zot:1    | Lost mutation: You do not regenerate when monsters are
                  | visible. [potion of mutation]
 69404 | Zot:1    | Lost mutation: You possess an exceptional clarity of mind.
                  | [potion of mutation]
 69404 | Zot:1    | Lost mutation: You are partially covered in iridescent
                  | scales. (AC +2) [potion of mutation]
 69404 | Zot:1    | Gained mutation: You occasionally lose the ability to read
                  | scrolls when taking damage. [potion of mutation]
 69404 | Zot:1    | Lost mutation: You occasionally lose the ability to read
                  | scrolls when taking damage. [potion of mutation]
 69404 | Zot:1    | Gained mutation: You have a beak for a mouth. [potion of
                  | mutation]
 69405 | Zot:1    | Lost mutation: You have a beak for a mouth. [potion of
                  | mutation]
 69405 | Zot:1    | Gained mutation: You are vulnerable to heat. (rF-) [potion
                  | of mutation]
 69405 | Zot:1    | Gained mutation: You have sharp toenails. [potion of
                  | mutation]
 69406 | Zot:1    | Lost mutation: You are vulnerable to heat. (rF-) [potion of
                  | mutation]
 69406 | Zot:1    | Lost mutation: You have sharp toenails. [potion of
                  | mutation]
 69406 | Zot:1    | Gained mutation: You sometimes lose your temper in combat.
                  | [potion of mutation]
 69406 | Zot:1    | Gained mutation: You have an uncontrollable temper. [potion
                  | of mutation]
 69406 | Zot:1    | Gained mutation: You have hidden genetic potential. [potion
                  | of mutation]
 70487 | Zot:2    | You fall into a shaft and drop 2 floors!
 70542 | Zot:4    | Gained Ogrik as an ally
 71123 | Zot:4    | Your ally Ogrik died
 71234 | Zot:4    | Found a transporter.
 71246 | Zot:4    | Noticed an orb of fire
 71263 | Zot:4    | Found a transporter.
 71484 | Zot:4    | Your ally Ogrik died
 71659 | Zot:4    | Identified the +6 halberd of the Winnowing Weasel {heavy,
                  | rF+ rN+ SInv}
 72265 | Zot:4    | Found the +3 warlock's mirror {omnireflect}
 72899 | Zot:3    | Found a transporter.
 73171 | Zot:3    | Found a transporter.
 73989 | Zot:5    | Entered Level 5 of the Realm of Zot
 74670 | Zot:5    | Noticed an ancient lich
 74673 | Zot:5    | Noticed an ancient lich
 74674 | Zot:5    | Noticed a dread lich
 74676 | Zot:5    | Noticed a dread lich
 74680 | Zot:5    | Noticed an ancient lich
 74686 | Zot:5    | Gained Okrist as an ally
 74687 | Zot:5    | Noticed an orb of fire
 74687 | Zot:5    | Noticed a dread lich
 74692 | Zot:5    | Killed a dread lich
 74692 | Zot:5    | Killed an ancient lich
 74693 | Zot:5    | Killed a dread lich
 74693 | Zot:5    | Killed an ancient lich
 74695 | Zot:5    | Gained mutation: Potions are less effective at restoring
                  | your health. [an orb of fire]
 74700 | Zot:5    | Gained mutation: You occasionally shout uncontrollably at
                  | your foes. [an orb of fire]
 74701 | Zot:5    | Noticed a dread lich
 74701 | Zot:5    | Killed an orb of fire
 74702 | Zot:5    | Killed a dread lich
 74703 | Zot:5    | Reached skill level 15 in Dodging
 74709 | Zot:5    | Killed a dread lich
 74711 | Zot:5    | Noticed an orb of fire
 74712 | Zot:5    | Killed an ancient lich
 74715 | Zot:5    | Your ally Okrist died
 74717 | Zot:5    | Your ally Wargath died
 74719 | Zot:5    | Noticed an orb of fire
 74721 | Zot:5    | Your ally Harm died
 74721 | Zot:5    | Your ally Borgoth died
 74724 | Zot:5    | Killed an orb of fire
 74725 | Zot:5    | Gained mutation: You are partially covered in iridescent
                  | scales. (AC +2) [hidden potential]
 74727 | Zot:5    | Killed an orb of fire
 74732 | Zot:5    | Your ally Urug died
 74734 | Zot:5    | Noticed an ancient lich
 74735 | Zot:5    | Noticed a dread lich
 74740 | Zot:5    | Your ally Geork died
 74748 | Zot:5    | Killed a dread lich
 74748 | Zot:5    | Your ally Ognian died
 74751 | Zot:5    | Killed an ancient lich
 74753 | Zot:5    | Your ally Argrim died
 74754 | Zot:5    | Your ally Zorug died
 74758 | Zot:5    | Your ally Korbok died
 74903 | Zot:5    | Noticed an ancient lich
 74909 | Zot:5    | Killed an ancient lich
 75031 | Zot:5    | Got the Orb of Zot
 75435 | D:15     | Noticed Hoiwyh Bili the pandemonium lord
 75449 | D:15     | Killed Hoiwyh Bili the pandemonium lord
 75608 | D:11     | Noticed Pyotyseb the pandemonium lord
 75615 | D:11     | Killed Pyotyseb the pandemonium lord
 75627 | D:10     | Noticed Kizoawn the pandemonium lord
 75636 | D:10     | Killed Kizoawn the pandemonium lord
 75654 | D:10     | Killed Adough the pandemonium lord
 75780 | D:1      | Lost mutation: You occasionally shout uncontrollably at
                  | your foes. [potion of mutation]
 75780 | D:1      | Lost mutation: Potions are less effective at restoring your
                  | health. [potion of mutation]
 75780 | D:1      | Lost mutation: You are partially covered in iridescent
                  | scales. (AC +2) [potion of mutation]
 75780 | D:1      | Gained mutation: Your spells are a little easier to cast,
                  | but a little less powerful. [potion of mutation]
 75780 | D:1      | Gained mutation: You occasionally lose the ability to read
                  | scrolls when taking damage. [potion of mutation]
 75780 | D:1      | Gained mutation: You have a pair of small horns on your
                  | head. [potion of mutation]
 75781 | D:1      | Lost mutation: You have hidden genetic potential. [potion
                  | of mutation]
 75781 | D:1      | Lost mutation: Your spells are a little easier to cast, but
                  | a little less powerful. [potion of mutation]
 75781 | D:1      | Gained mutation: You do not regenerate when monsters are
                  | visible. [potion of mutation]
 75781 | D:1      | Gained mutation: You are resistant to electric shocks.
                  | (rElec) [potion of mutation]
 75782 | D:1      | Lost mutation: You are resistant to electric shocks.
                  | (rElec) [potion of mutation]
 75782 | D:1      | Lost mutation: You occasionally lose the ability to read
                  | scrolls when taking damage. [potion of mutation]
 75782 | D:1      | Gained mutation: Your mind is acute. (Int +4, Str/Dex -1)
                  | [potion of mutation]
 75783 | D:1      | Lost mutation: You have a pair of small horns on your head.
                  | [potion of mutation]
 75783 | D:1      | Lost mutation: You have an uncontrollable temper. [potion
                  | of mutation]
 75783 | D:1      | Lost mutation: Your mind is acute. (Int +4, Str/Dex -1)
                  | [potion of mutation]
 75783 | D:1      | Gained mutation: You are vulnerable to cold. (rC-) [potion
                  | of mutation]
 75783 | D:1      | Gained mutation: You have a pair of small horns on your
                  | head. [potion of mutation]
 75784 | D:1      | Lost mutation: You are vulnerable to cold. (rC-) [potion of
                  | mutation]
 75784 | D:1      | Lost mutation: You have a pair of small horns on your head.
                  | [potion of mutation]
 75784 | D:1      | Gained mutation: You have an increased reservoir of magic.
                  | (+10% MP) [potion of mutation]
 75784 | D:1      | Gained mutation: You are clumsy. (Dex -2) [potion of
                  | mutation]
 75784 | D:1      | Gained mutation: Potions are less effective at restoring
                  | your health. [potion of mutation]
 75784 | D:1      | Gained mutation: Your flesh is cold resistant. (rC+)
                  | [potion of mutation]
 75785 | D:1      | Lost mutation: Your flesh is cold resistant. (rC+) [potion
                  | of mutation]
 75785 | D:1      | Lost mutation: Potions are less effective at restoring your
                  | health. [potion of mutation]
 75785 | D:1      | Lost mutation: You have an increased reservoir of magic.
                  | (+10% MP) [potion of mutation]
 75785 | D:1      | Gained mutation: You have an uncontrollable temper. [potion
                  | of mutation]
 75785 | D:1      | Lost mutation: You have an uncontrollable temper. [potion
                  | of mutation]
 75786 | D:1      | Lost mutation: You are clumsy. (Dex -2) [potion of
                  | mutation]
 75786 | D:1      | Lost mutation: You do not regenerate when monsters are
                  | visible. [potion of mutation]
 75786 | D:1      | Gained mutation: Your body sometimes deteriorates upon
                  | taking damage. [potion of mutation]
 75786 | D:1      | Gained mutation: Your spells are a little easier to cast,
                  | but a little less powerful. [potion of mutation]
 75786 | D:1      | Gained mutation: You are dopey. (Int -2) [potion of
                  | mutation]
 75786 | D:1      | Gained mutation: Your muscles are strong. (Str +4, Int/Dex
                  | -1) [potion of mutation]
 75787 | D:1      | Lost mutation: You are dopey. (Int -2) [potion of mutation]
 75787 | D:1      | Lost mutation: Your body sometimes deteriorates upon taking
                  | damage. [potion of mutation]
 75787 | D:1      | Lost mutation: Your muscles are strong. (Str +4, Int/Dex
                  | -1) [potion of mutation]
 75787 | D:1      | Gained mutation: You have supernaturally acute eyesight.
                  | (SInv) [potion of mutation]
 75787 | D:1      | Gained mutation: Your magical capacity is low. (-10% MP)
                  | [potion of mutation]
 75787 | D:1      | Gained mutation: Your mind is acute. (Int +4, Str/Dex -1)
                  | [potion of mutation]
 75789 | D:$      | Escaped with the Orb!

Illustrated notes

Levels and vault maps discovered:
D:1:      erik_arrival_blinker_ship, layout_basic, hex_tiny
D:2:      layout_basic, basic_ecumenical_altar, basic_altar,
          minmay_misc_feat_nine_boxes, minmay_puff
D:3:      layout_basic, fedhas_altar_2, mainiacjoe_overflow_six_doors_small,
          minmay_goblin_outpost
D:4:      layout_basic, nicolae_elyvilon_peaceful_grove,
          nicolae_overflow_hallway_of_the_gods, portal_sewer_entry_f,
          uniq_blork_the_orc, uniq_crazy_yiuf_cottage
D:5:      layout_basic, nicolae_stop_n_shop_1, nrook_mini_backslash
D:6:      layout_layer_cave, minmay_temple_entry_wispy, minmay_manual_mullet
D:7:      layout_loops_ring, minmay_misc_feat_hallway, uniq_prince_ribbit1
D:8:      layout_rooms, cheibrodos_ashenzari_chains, enter_bailey_1, uniq_joseph
D:9:      layout_rooms, dpeg_oklobed_lair, minmay_orc_entry_temple_small,
          gammafunk_ghost_necromancy, serial_ice, serial_ice_k, serial_ice_a,
          serial_ice_m, serial_ice_c, minmay_misc_feat_rows
D:10:     layout_basic, uniq_erolcha, uniq_erica
D:11:     layout_roguey
D:12:     layout_stronghold, enter_trove_6, gauntlet_entry_generic
D:13:     minmay_evil_eye, layout_cave_pools, serial_shops,
          nicolae_shop_pleasant_corner_grove,
          minmay_guarded_unrand_staff_of_olgreb
D:14:     layout_roguey, erik_vaults_1, kiku_gazebo_pond_becter, uniq_frances,
          uniq_agnes
D:15:     gammafunk_enter_depths_forms, layout_loops_ring,
          minmay_misc_feat_columns, uniq_rupert, uniq_louise, uniq_nessos
Temple:   minmay_temple_bridge_abc
Lair:1:   layout_chaotic_city, uniq_sonja
Lair:2:   layout_chaotic_city, skrybe_swamp_entry_bodies,
          minmay_snake_entry_guardpost_medium, portal_ice_cave_entry_imps,
          chequers_serial_rivers_room_b, nicolae_lair_lil_pond,
          grunt_megastairs_5
Lair:3:   layout_gridlike, chequers_serial_rivers_micro_d, evilmike_ambush
          [evilmike_ambush_outer_basic, evilmike_ambush_inner_basic]
Lair:4:   layout_regular_city, minmay_slime_entry_jelly_boxes,
          lemuel_fruit_fields
Lair:5:   hellmonk_lair_end_abyssal_woods, layout_cave_pods, lookout_lair_type,
          grunt_megastairs_3, lemuel_fruit_fields
Swamp:1:  layout_basic_swamp, nicolae_swamp_big_swirl, uniq_josephine,
          uniq_kirke, uniq_donald, uniq_aizul
Swamp:2:  layout_basic_swamp, evilmike_swamp_ruin_rubble_1,
          nicolae_swamp_alligator_family
Swamp:3:  layout_falls_marsh, nicolae_swamp_tree_isthmus, st_swamp_ruins_3,
          uniq_roxanne
Swamp:4:  swamp_alternative, layout_basic_swamp, swamp_pool_3,
          cheibrodos_swamp_minitomb
Snake:1:  layout_misc_corridors
Snake:2:  layout_chambers, drop_trap, grunt_megastairs_1, uniq_vashnia
Snake:3:  layout_cave_pods, basic_altar, ebering_ghost_rock_garden,
          nicolae_snake_springs, uniq_azrael
Snake:4:  grunt_snake_rune_spirals, layout_onion,
          nicolae_snake_round_shape_thing
Slime:1:  layout_caves, cheibrodos_slime_lost_civilization_7
Slime:2:  layout_caves, basic_altar, dissolution_awaits
Slime:3:  layout_caves
Slime:4:  nicolae_slime_infinislime, layout_caves
Slime:5:  slime_pit_nicolae_amoeboid
Orc:1:    layout_caves, uniq_urug
Orc:2:    grunt_orc_tribal_feast, layout_caves, ebering_ghost_reflecting_pool
Elf:1:    eino_elf_arrival_altar, layout_gridlike, serial_shops,
          nicolae_shop_real_fake_doors, shop, shop, nicolae_elf_crossing_hall,
          kilobyte_rumbling_trees
Vaults:1: ontoclasm_vaults_tryst, nicolae_vaults_network_s, v_misc_4,
          grunt_vaults_funnel, nicolae_vaults_little_squares_5,
          hangedman_vaults_locks, vaults_standard_mumra_enter_the_diamond,
          nicolae_vaults_heist, vaults_dpeg_cross, vaults_room_stairs_pillars,
          layout_vaults_omnigrid, serial_shops, bzr_entry_road
Vaults:2: nicolae_vaults_storage_room_statues, minmay_crypt_entry_necro_gods,
          ontoclasm_vaults_idyll, nicolae_vaults_tangram_2, v_misc_1,
          nicolae_vaults_sealed_display, nicolae_vaults_tetromino_T_1,
          tekkud_shop_of_orbs, v_misc_30, nicolae_vaults_border_crossing,
          vaults_room_stairs_pillars, nicolae_vaults_variable_pillar_hall,
          nicolae_vaults_trapezoid_2, layout_vaults_chaotic_city
Vaults:3: vaults_standard_mumra_enter_the_diamond, hangedman_vaults_hat,
          nicolae_vaults_variable_pillar_hall_cross, nicolae_vaults_asterisk,
          nicolae_vaults_big_angled_halls, nicolae_vaults_circle_grid_b,
          hangedman_vaults_corner_blocks, nicolae_vaults_trapezoid_1,
          vaults_mumra_chevron_long, hangedman_vaults_stretched_pinwheel,
          layout_vaults_omnicross, uniq_frederick
Vaults:4: portal_desolation_entry_nicolae_slug, nicolae_vaults_apartment_1,
          nicolae_vaults_network_quincunx
          [nicolae_vaults_network_quincunx_subvault,
          nicolae_vaults_network_quincunx_subvault,
          nicolae_vaults_network_quincunx_subvault,
          nicolae_vaults_network_quincunx_subvault,
          nicolae_vaults_network_quincunx_subvault], v_pattern_3,
          hangedman_vaults_nodes, nicolae_vaults_disappearing_quadrants,
          nicolae_vaults_ring_of_whatevers, nicolae_vaults_what_the_h,
          v_misc_17, nicolae_vaults_storage_closets_2,
          nicolae_vaults_storage_room_doors, ontoclasm_vaults_ring_large,
          v_misc_9, nicolae_vaults_gold_heap, layout_vaults_omnibox
Crypt:1:  layout_basic, grunt_crypt_arrival_webbed, uniq_khufu
Crypt:2:  layout_basic, minivault_4, serial_sigils_hangedman_confine,
          uniq_xtahua
Crypt:3:  evilmike_haunted_forest
Depths:1: lightli_eight_chambers, layout_basic, chequers_big_river, hell_entry,
          nicolae_wu_jian_immortal_techniques, uniq_norris
Depths:2: cell_vault, layout_cave_pools, serial_shops, shop, lightli_too_deep,
          nicolae_tricolors, grunt_pan_entry_in_and_out, minmay_hedge_maze,
          serial_library_hellmonk_angled_corner
Depths:3: minmay_quarter_circles, layout_long_grid, enter_ziggurat_c,
          pf_hell_entry_great_geh, abyss_entry, grunt_qazlal_clouds,
          infiniplex_staircase_trident, minmay_shop_grove
Depths:4: grunt_twist_and_shout, layout_cave_shapes, kennysheep_pointless_box,
          abyss_entry, hell_entry, uniq_vv
Zot:1:    layout_twisted_circle, bh_zot_levy_curve,
          regret_index_zotdec_stipple_waver
Zot:2:    layout_basic, drop_trap
Zot:3:    gammafunk_dig_for_victory, layout_twisted_circle
Zot:4:    gammafunk_sealed_arena, layout_basic,
          regret_index_zotdec_carving_tricks, regret_index_zotdec_fiery_em,
          hangedman_spider_trapstep, lemuel_elevator, uniq_josephina
Zot:5:    layout_gridville, grunt_megastairs_4

Skill      XL: |  1  2  3  4  5  6  7  8  9 10 11 12 13 14 15 16 17 18 19 20 21 22 23 24 25 26 27 |
---------------+----------------------------------------------------------------------------------+-----
Fighting       | 4 5 6 7 9 10 12 14 15 16 18 20 21 22 23 24 | 24.0
Axes           | 5 6 7 8 9 11 13 15 16 17 18 19 20 21 | 21.0
Invocations    | 2 3 4 6 8 9 12 14 15 16 17 18 20 21 24 25 27 | 27.0
Armour         | 2 4 8 10 11 14 15 19 20 22 23 24 | 24.0
Dodging        | 4 7 8 10 17 | 17.3
Shields        | 3 11 14 15 18 19 22 | 22.0
Evocations     | 6 8 |  8.0

Action                     |  1- 3 |  4- 6 |  7- 9 | 10-12 | 13-15 | 16-18 | 19-21 | 22-24 | 25-27 || total
---------------------------+-------+-------+-------+-------+-------+-------+-------+-------+-------++-------
  Melee: Hand axe          |    73 |       |       |       |       |       |       |       |       ||    73
         War axe           |    15 |   109 |   293 |   487 |       |       |       |       |       ||   904
         Broad axe         |       |       |       |    24 |   681 |   966 |   741 |  1241 |  1468 ||  5121
         Punch             |       |       |       |       |     1 |       |       |       |       ||     1
         Battleaxe         |       |       |       |       |       |    14 |       |       |       ||    14
  Throw: Stone             |       |     5 |       |       |       |       |       |       |       ||     5
 Invoke: Convert to Beogh  |       |     1 |       |       |       |       |       |       |       ||     1
         Smiting           |       |     1 |     7 |     2 |    27 |     7 |       |    17 |    55 ||   116
         Recall Orcish Fol |       |       |       |     2 |     4 |     3 |     3 |     8 |    17 ||    37
         Give Item to Name |       |       |       |     1 |     4 |     4 |     6 |     9 |     3 ||    27
         Resurrection      |       |       |       |       |       |       |       |     2 |     1 ||     3
         Stop Recall       |       |       |       |       |       |       |       |     2 |     4 ||     6
Ability: Evoke Invisibilit |       |       |       |       |       |       |       |       |     1 ||     1
  Evoke: Wand              |       |       |    11 |     7 |     4 |       |     2 |     4 |     3 ||    31
         Phantom mirror    |       |       |       |       |       |       |       |       |     1 ||     1
    Use: Scroll            |       |     2 |     8 |    14 |    16 |    13 |     6 |     4 |     6 ||    69
         Potion            |       |       |     2 |     5 |       |     2 |       |     2 |    23 ||    34
   Stab: Distracted        |       |       |       |     2 |     5 |     6 |     5 |     4 |    15 ||    37
         Confused          |       |       |       |       |       |     2 |       |       |     2 ||     4
         Paralysed         |       |       |       |       |       |     1 |       |       |     1 ||     2
 Armour: Robe              |    23 |       |       |       |       |       |       |       |       ||    23
         Leather armour    |    16 |       |       |       |       |       |       |       |       ||    16
         Ring mail         |     3 |    68 |   217 |    40 |       |       |       |       |       ||   328
         Scale mail        |     3 |       |       |       |       |       |       |       |       ||     3
         Chain mail        |       |       |    28 |   335 |       |       |       |       |       ||   363
         Crystal plate arm |       |       |       |    37 |   644 |    60 |   322 |   666 |   706 ||  2435
         Plate armour      |       |       |       |       |       |   618 |    84 |       |       ||   702
  Dodge: Dodged            |    63 |    62 |   183 |   244 |   190 |   225 |   127 |   184 |   222 ||  1500
  Block: Kite shield       |       |       |       |       |    54 |   501 |       |       |       ||   555
         Buckler           |       |       |       |       |    27 |       |       |       |       ||    27
         Reflection        |       |       |       |       |     7 |    78 |       |       |       ||    85
         Tower shield      |       |       |       |       |       |   156 |   833 |  1105 |  1272 ||  3366

Table legend: (Time is in decaauts)
 A = Elapsed time spent in this place.
 B = Non-inter-level travel time spent in this place.
 C = Inter-level travel time spent in this place.
 D = Time resting spent in this place.
 E = Time spent auto-exploring this place.
 F = Levels seen in this place.
 G = Mean time per level.
                   A        B        C        D        E       F      G
               +--------+--------+--------+--------+--------+-----+--------+
         Total |  75335 |  71182 |   4153 |  17962 |  18640 |  59 | 1276.9 |
       Dungeon |  19162 |  17090 |   2072 |   3789 |   5481 |  15 | 1277.5 |
        Temple |     31 |     31 |      0 |      0 |      0 |   1 |   31.0 |
          Lair |   7092 |   6561 |    531 |   1530 |   2408 |   5 | 1418.4 |
         Swamp |   4187 |   4137 |     50 |    784 |    905 |   4 | 1046.8 |
     Snake Pit |   6876 |   6723 |    153 |   2323 |   1446 |   4 | 1719.0 |
    Slime Pits |   4324 |   4244 |     80 |   1539 |    783 |   5 |  864.8 |
  Orcish Mines |   3015 |   2949 |     66 |    821 |    602 |   2 | 1507.5 |
   Elven Halls |   1483 |   1427 |     56 |    376 |    361 |   1 | 1483.0 |
        Vaults |   6333 |   6067 |    266 |    781 |   2434 |   4 | 1583.2 |
         Crypt |   4600 |   4463 |    137 |   1259 |    980 |   3 | 1533.3 |
        Depths |   7451 |   7142 |    309 |   1556 |   1856 |   4 | 1862.8 |
           Zot |   6696 |   6266 |    430 |   1994 |   1004 |   5 | 1339.2 |
        Bazaar |    142 |    142 |      0 |      0 |     12 |   1 |  142.0 |
         Sewer |    470 |    470 |      0 |    273 |      0 |   1 |  470.0 |
        Bailey |    618 |    618 |      0 |     95 |     68 |   1 |  618.0 |
      Ice Cave |    847 |    847 |      0 |    286 |     66 |   1 |  847.0 |
    Desolation |   1211 |   1211 |      0 |    318 |    233 |   1 | 1211.0 |
      Gauntlet |    790 |    790 |      0 |    236 |      0 |   1 |  790.0 |
               +--------+--------+--------+--------+--------+-----+--------+

Top non-repeatable levels by time:
 Snake:4: 2713 daAuts
Depths:3: 2681 daAuts
    D:15: 2190 daAuts
   Zot:4: 2188 daAuts
Vaults:2: 2100 daAuts
     D:9: 1955 daAuts
  Lair:2: 1942 daAuts
Depths:2: 1935 daAuts
 Crypt:1: 1884 daAuts
Depths:4: 1875 daAuts
 Crypt:3: 1830 daAuts
    D:14: 1822 daAuts
   Orc:1: 1801 daAuts
   Zot:1: 1719 daAuts
  Lair:1: 1671 daAuts
